 Dungeon Crawl Stone Soup version 0.18-a0-1805-g8ab820f (webtiles) character file.

925 graki42 the Covert (level 8, -6/46 HPs)
             Began as a Kobold Assassin on Apr 25, 2016.
             Splashed by a jelly's acid (8 damage)
             ... on level 5 of the Dungeon.
             The game lasted 00:10:51 (3780 turns).

graki42 the Covert (Kobold Assassin)                Turns: 3780, Time: 00:10:52

Health: -6/46      AC: -4    Str:  9    XL:     8   Next: 32%
Magic:  8/8        EV: 19    Int:  9    God:
Gold:   207        SH:  0    Dex: 20    Spells: 0 memorised, 7 levels left

rFire  . . .     SeeInvis .     k - +0 dagger (venom)
rCold  . . .     Gourm    .     c - +0 robe
rNeg   . . .     Faith    .     (shield restricted)
rPois  .         Spirit   .     l - +0 helmet
rElec  .         Dismiss  .     d - +0 cloak
rCorr  .         Reflect  .     (no gloves)
SustAt .         Harm     .     (no boots)
MR     .....                    r - amulet of magic regeneration
Stlth  ++++++....               (no ring)
                                (no ring)

@: corroded, not resistant to hostile enchantments, very stealthy
A: carnivore 3, deformed body, mutation resistance 1, shaggy fur 1, subdued
magic 1
a: no special abilities


You were on level 5 of the Dungeon.
You were full.

You visited 1 branch of the dungeon, and saw 5 of its levels.

You collected 207 gold pieces.

Inventory:

Hand Weapons
 a - a +2 dagger
 b - a +0 blowgun
 k - a +0 dagger of venom (weapon)
Missiles
 e - 26 poisoned needles
 f - 2 curare-tipped needles
 j - 6 needles of frenzy
 n - 7 needles of sleeping
Armour
 c - a +0 robe (worn)
 d - a +0 cloak (worn)
 l - a +0 helmet (worn)
Jewellery
 r - an amulet of magic regeneration (around neck)
Wands
 m - a wand of paralysis (11/24)
 q - a wand of slowing (20/48)
 u - a wand of iceblast (12/15)
Scrolls
 h - 4 scrolls of identify
 p - a scroll of blinking
Potions
 i - 2 potions of curing
 o - a potion of flight {unknown}
 t - 2 potions of heal wounds {unknown}
 v - 2 potions of lignification
 w - 3 potions of haste {unknown}
 z - a potion of magic {unknown}
Comestibles
 g - 2 meat rations


   Skills:
 + Level 3.4 Fighting
 + Level 4.6 Short Blades
 + Level 2.4 Throwing
 + Level 5.4 Dodging
 + Level 10.7 Stealth


You had 7 spell levels left.
You didn't know any spells.

Dungeon Overview and Level Annotations

Branches:
Dungeon (5/15)
 Temple: D:4-7

Altars:
Makhleb
Pakellas
Vehumet

Shops:
D:5 }


Innate Abilities, Weirdness & Mutations

You are small and have problems with some larger weapons.
You are carnivorous and can eat meat at any time.
Armour fits poorly on your strangely shaped body.
You are somewhat resistant to further mutation.
You are covered in fur (AC +1).
Your spells are a little easier to cast, but a little less powerful.


Message History

The jelly is lightly wounded.
The jelly misses you.
You hit the jelly but do no damage.
Your hands burn!
* * * LOW HITPOINT WARNING * * *
The jelly is lightly wounded.
The jelly completely misses you.
You hit the jelly.
Your hands burn!
* * * LOW HITPOINT WARNING * * *
The jelly is lightly wounded.
The jelly completely misses you.
You hit the jelly but do no damage.
Your hands burn!
* * * LOW HITPOINT WARNING * * *
The jelly is lightly wounded.
You hit the jelly but do no damage.
The jelly is poisoned.
Your hands burn!
* * * LOW HITPOINT WARNING * * *
The jelly is lightly wounded.
The jelly hits you.
* * * LOW HITPOINT WARNING * * *
You are splashed with acid!
The acid burns!
You die...

### ### # ### #.####.### .#
###.###.....(..#### #.#
#........#.>####..###.#
##.....J#..#####.....# .
#.......@.....##.##..##
...#####.###..###..#.......#.#
.......†## #..###...#######..#
...###..#
##..##...##.∩.##..### #...#
##.##...#.._..#.#.## ###'###
#...>..##...##.#... ##.†...##
#..###..##.##...#..
#.......#####.##
##........#### #.......#.....#
##....#.## #


You could see a jelly.

Vanquished Creatures
  Grinder (D:4)
  A sky beast (D:5)
  2 ogres
  2 scorpions (D:4)
  A howler monkey (D:4)
  A jelly (D:4)
  2 worker ants
  2 iguanas
  A killer bee zombie (D:5)
  A hound skeleton (D:4)
  A worker ant zombie (D:4)
  Robin (D:4)
  5 adders
  2 worms
  3 dart slugs
  5 giant geckos
  An orc (D:3)
  3 bats
  4 giant cockroaches
  17 goblins
  15 hobgoblins
  6 jackals
  2 quokkas (D:5)
  5 giant newts
  4 kobolds
  A quokka skeleton (D:4)
  4 rats
93 creatures vanquished.

Notes
Turn   | Place    | Note
--------------------------------------------------------------
     0 | D:1      | graki42 the Kobold Assassin began the quest for the Orb.
     0 | D:1      | Reached XP level 1. HP: 12/12 MP: 1/1
    83 | D:1      | Reached XP level 2. HP: 18/18 MP: 2/2
   407 | D:1      | Reached skill level 6 in Stealth
   456 | D:1      | Reached XP level 3. HP: 22/22 MP: 3/3
   722 | D:2      | Reached skill level 7 in Stealth
   722 | D:2      | Reached XP level 4. HP: 27/27 MP: 4/4
  1667 | D:3      | Noticed an ogre
  1668 | D:3      | Reached XP level 5. HP: 31/31 MP: 5/5
  1675 | D:3      | Killed an ogre
  1675 | D:3      | Reached skill level 8 in Stealth
  1936 | D:4      | Reached XP level 6. HP: 36/36 MP: 6/6
  2098 | D:4      | Found a radiant altar of Vehumet.
  2104 | D:4      | Reached skill level 9 in Stealth
  2140 | D:4      | Noticed Grinder
  2149 | D:4      | Killed Grinder
  2149 | D:4      | Reached XP level 7. HP: 41/41 MP: 7/7
  2205 | D:4      | Reached skill level 10 in Stealth
  2522 | D:4      | Reached XP level 8. HP: 38/46 MP: 8/8
  2570 | D:4      | Noticed Robin
  2611 | D:4      | Killed Robin
  2883 | D:5      | Entered Level 5 of the Dungeon
  2941 | D:5      | Reached skill level 5 in Dodging
  2957 | D:5      | Gained mutation: Your spells are a little easier to cast, but a little less powerful. [mutagenic meat]
  2958 | D:5      | Gained mutation: You are covered in fur (AC +1). [mutagenic meat]
  2959 | D:5      | Gained mutation: Armour fits poorly on your strangely shaped body. [mutagenic meat]
  2960 | D:5      | Gained mutation: You are somewhat resistant to further mutation. [mutagenic meat]
  3225 | D:5      | Found an oddly glowing altar of Pakellas.
  3518 | D:5      | Found a burning altar of Makhleb.
  3696 | D:5      | Found Pakellas's Prime Provisions.
  3780 | D:5      | HP: 2/46 [jelly (3)]
  3780 | D:5      | Splashed by a jelly's acid

Vault maps used:
D:1:      evilmike_arrival_run_for_it, roderic_lattice_a, monster_avoids_cloud
D:2:      minmay_strange_pillars, serial_bayou_crossing
D:3:      kennysheep_donut
D:4:      lemuel_crystal_altar, uniq_robin, uniq_grinder
D:5:      johnstein_pakellas_shop, lemuel_doored_altar, first_bread,
          kennysheep_flooded_box, minmay_misc_feat_doors

Skill      XL: |  1  2  3  4  5  6  7  8 |
---------------+-------------------------+-----
Stealth        | 6 7 8 9 10 | 10.7
Short Blades   | 3 4 |  4.6
Dodging        | 2 4 5 |  5.4
Fighting       | 3 |  3.4
Throwing       | |  2.4

Action                   |  1- 3 |  4- 6 |  7- 9 || total
-------------------------+-------+-------+-------++-------
Melee: Dagger            |    59 |    91 |   141 ||   291
 Fire: Blowgun           |       |     1 |       ||     1
  Use: Scroll            |     2 |     2 |     3 ||     7
 Stab: Sleeping          |    17 |    13 |    13 ||    43
  Eat: Chunk             |       |    10 |    10 ||    20
Armor: Robe              |     7 |    12 |    17 ||    36
Dodge: Dodged            |    16 |    50 |    87 ||   153
